 Dungeon Crawl Stone Soup version 0.29-a0-998-g1987434951 (webtiles) character file.

Game seed: 8036844401163206769

18 kae the Firebug (level 2, -2/16 HPs)
             Began as a Deep Elf Fire Elementalist on Aug 5, 2022.
             Slain by an adder (4 damage)
             ... on level 2 of the Dungeon.
             The game lasted 00:00:41 (1102 turns).

kae the Firebug (Deep Elf Fire Elementalist)        Turns: 1102, Time: 00:00:41

Health: -2/16      AC:  2    Str:  4 (5)  XL:     2   Next: 51%
Magic:  7/8        EV: 12    Int: 18 (19) God:
Gold:   70         SH:  0    Dex: 14 (15) Spells: 4/7 levels left

rFire   . . .      SeeInvis .   (no weapon)
rCold   . . .      Faith    .   (no shield)
rNeg    . . .      Spirit   .   a - +0 robe
rPois   .          Reflect  .   (no helmet)
rElec   .          Harm     .   (no cloak)
rCorr   .          Rampage  .   (no gloves)
Will    .....                   (no boots)
Stlth   ++........              (no amulet)
HPRegen 0.05/turn               (no ring)
MPRegen 0.11/turn               (no ring)

@: lethally poisoned (-2 -> -3)
A: no striking features
a: no special abilities


You were on level 2 of the Dungeon.
You visited 1 branch of the dungeon, and saw 2 of its levels.

You collected 70 gold pieces.


   Skills:
 + Level 0.4 Fighting
 - Level 2.4 Dodging
 - Level 2.4 Stealth
 + Level 3.2 Spellcasting
 * Level 1.8 Conjurations
 * Level 3.6 Fire Magic


You had 4 spell levels left.
You knew the following spells:

 Your Spells              Type           Power      Damage    Failure   Level
a - Foxfire               Conj/Fire      48%        2x1d6     4%          1
b - Scorch                Fire           32%        2d6       5%          2

Your spell library contained the following spells:

 Spells                   Type           Power      Damage    Failure   Level
 Conjure Flame            Conj/Fire      12%        6-21      16%         3
 Inner Flame              Hex/Fire       9%         N/A       22%         3
 Flame Wave               Conj/Fire      12%        2d6       45%         4

Inventory:

Hand Weapons
 d - a +3 antimagic short sword
   (You took it off a kobold on level 1 of the Dungeon)
Missiles
 c - 21 stones
 f - 6 boomerangs
Armour
 a - a +0 robe (worn)
Jewellery
 g - an amulet of regeneration
   (You found it on level 1 of the Dungeon)
Potions
 b - 2 potions of magic
 h - a potion of lignification {unknown}
 j - 2 potions of attraction {!q}

Dungeon Overview and Level Annotations

Branches:
Dungeon (2/15) Zot: 10897

Altars:

#....# ..#
#....# #..
#....# ...
#...!# #.#
#....# #.#
#....# ##.##
#....# ###
#...#
#....###.#
##<##
#...SS@..####.#
########[.....#
########


You could see 2 adders.


Message History

Casting: Foxfire (safe; 4% risk of failure)
Confirm with . or Enter, or press ? or * to list all spells.
You conjure some foxfire!
The foxfire hits the goblin.
You kill the goblin! 😎 MP[-1]
You lost 1 mp, and now have 6/8 mp.
Casting: Foxfire (safe; 4% risk of failure)
Confirm with . or Enter, or press ? or * to list all spells.
You miscast Foxfire.
Nothing appears to happen. 😎 MP[-1]
You lost 1 mp, and now have 5/8 mp.
Things that are here:
a +0 dagger; a goblin corpse Your magical contamination has completely faded away. 😎 MP[+1]
k - a lumpy coppery potion 😎 MP[+2]
Your mp is fully restored (8).
You see here a +0 dagger.
Key pressed, stopping explore.
A rat comes into view.
A rat is nearby!
A rat is nearby!
A rat is nearby!
Casting: Foxfire (safe; 4% risk of failure)
Confirm with . or Enter, or press ? or * to list all spells.
Flames lash the rat.
You kill the rat! 😎 MP[-2]
You lost 2 mp, and now have 6/8 mp.
Casting: Scorch (safe; 4% risk of failure)
Confirm with . or Enter, or press ? or * to list all spells.
You can't see any susceptible monsters within range! (Use Z to cast anyway.) Done exploring. 😎 MP[+2]
Your mp is fully restored (8).
Done exploring.
Done exploring.
Done exploring.
Casting: Scorch (safe; 4% risk of failure)
Confirm with . or Enter, or press ? or * to list all spells.
You conjure some foxfire! 😎 MP[-1]
You lost 1 mp, and now have 7/8 mp.
Done exploring. 😎 MP[+1]
Your mp is fully restored (8).
(D) Dungeon
Where to? (Enter - D:1 @ (x,y), ? - help)
There is a stone staircase leading down here.
You climb downwards.
There is a stone staircase leading up here.
As you read the scroll labelled CYADDEZOITO, it crumbles to dust.
It is a scroll of enchant weapon.
Your +2 antimagic short sword glows red for a moment.
As you read the scroll labelled RINTAG LACVUN, it crumbles to dust.
It is a scroll of identify.
j - 2 potions of attraction
There is a stone staircase leading up here.
You see here a +0 scale mail.
An adder comes into view.
The adder hisses angrily.
You hear an angry hiss.
An adder comes into view.
The adder moves out of view.
An adder is nearby!
An adder is nearby!
An adder is nearby!
The adder closely misses you.
Casting: Foxfire (safe; 4% risk of failure)
Confirm with . or Enter, or press ? or * to list all spells.
You conjure some foxfire!
The adder bites you. The adder misses you.
The foxfire hits the adder. x2; The adder bites you.
You are poisoned.
The adder poisons you! The adder closely misses you. The adder bites you.
* * * LOW HITPOINT WARNING * * *
The adder bites you.
* * * LOW HITPOINT WARNING * * *
😨 HP[-9] MP[-1]
You take 9 damage, and now have 7/16 hp.
MASSIVE DAMAGE!! (PAUSE)
You lost 1 mp, and now have 7/8 mp.
The adder attacks as you move away! The adder bites you.
* * * LOW HITPOINT WARNING * * *
x2 You feel sick. 😱 HP[-3]
You take 3 damage, and now have 4/16 hp.
Okay, then.
The adder attacks as you move away! The adder misses you.
* * * LOW HITPOINT WARNING * * *
You feel sick. 😱 HP[-1]
You take 1 damage, and now have 3/16 hp.
It was a potion of degeneration.
There was something very wrong with that liquid.
You feel weakened.
You feel dopey.
You feel clumsy.
* * * LOW HITPOINT WARNING * * *
You feel sick. The adder bites you.
You die...

Action                   || total
-------------------------++-------
 Cast: Foxfire           ||    24
       Scorch            ||     1
  Use: Scroll            ||     2
       Potion            ||     1
Armor: Robe              ||     1
Dodge: Dodged            ||     6

Levels and vault maps discovered:
D:1:      lemuel_arrival_hallway, layout_basic, ebering_ecumenical_altar_webs
D:2:      kennysheep_the_goblin_king, layout_loops_corners, basic_altar,
          serial_shops, shop, serial_co_window_serial,
          co_window_of_opportunity_a, co_window_paths_b, co_window_corner_a,
          co_window_corner_a, co_window_corner_a, co_window_paths_a,
          co_window_paths_a, co_window_cross_4, co_window_corner_b,
          co_window_corner_cb, co_window_2corner, co_window_of_opportunity_b,
          co_window_4corner_b, glass_columns_a

Notes
Turn   | Place    | Note
-------+----------+-------------------------------------------
     0 | D:1      | kae the Deep Elf Fire Elementalist began the quest for the
                  | Orb.
     0 | D:1      | Reached XP level 1. HP: 10/10 MP: 6/6
     0 | D:1      | magus.rc [v1.11.3]
   205 | D:1      | Reached XP level 2. HP: 16/16 MP: 4/8
   465 | D:1      | Found a faded altar of an unknown god.
   665 | D:1      | Learned a level 2 spell: Scorch
  1100 | D:2      | HP: 4/16 [adder (3)]
  1102 | D:2      | Slain by an adder

Vanquished Creatures
  A bat (D:1)
  2 endoplasms (D:1)
  3 goblins (D:1)
  4 kobolds (D:1)
  A quokka (D:1)
  A ball python (D:1)
  A frilled lizard (D:1)
  4 rats (D:1)
17 creatures vanquished.

Vanquished Creatures (others)
  40 foxfires
40 creatures vanquished.

Grand Total: 57 creatures vanquished

Table legend:
 A = Non-vault XP
 B = Vault XP
 C = Vault XP percentage of total XP
 D = Non-vault monster count
 E = Vault monster count
 F = Vault count percentage of total count
                 A         B        C        D         E       F
            +---------+---------+-------+---------+---------+-------
      Total |      27 |       0 |   0.0 |      17 |       0 |   0.0
            +---------+---------+-------+---------+---------+-------
        D:1 |      27 |       0 |   0.0 |      17 |       0 |   0.0
            +---------+---------+-------+---------+---------+-------

Illustrated notes

Table legend:
 A = Kills in this place as a percentage of kills in entire the game.
 B = Kills by you in this place as a percentage of kills by you in the entire game.
 C = Kills by friends in this place as a percentage of kills by friends in the entire game.
 D = Other kills in this place as a percentage of other kills in the entire game.
 E = Experience gained in this place as a percentage of experience gained in the entire game.
 F = Experience gained in this place divided by the number of levels of this place that you have seen.
                   A       B       C       D       E      F
               +-------+-------+-------+-------+-------+----------------------
         Total | 100.0 | 100.0 |   N/A |   N/A | 100.0 |  13.5
       Dungeon | 100.0 | 100.0 |   N/A |   N/A | 100.0 |  13.5
               +-------+-------+-------+-------+-------+----------------------

Table legend: (Time is in decaauts)
 A = Elapsed time spent in this place.
 B = Non-inter-level travel time spent in this place.
 C = Inter-level travel time spent in this place.
 D = Time resting spent in this place.
 E = Time spent auto-exploring this place.
 F = Levels seen in this place.
 G = Mean time per level.
                   A        B        C        D        E       F      G
               +--------+--------+--------+--------+--------+-----+--------+
         Total |   1101 |   1076 |     25 |      0 |    966 |   2 |  550.5 |
       Dungeon |   1101 |   1076 |     25 |      0 |    966 |   2 |  550.5 |
               +--------+--------+--------+--------+--------+-----+--------+

Top non-repeatable levels by time:
     D:1: 1081 daAuts
     D:2: 20 daAuts
